Map: Dash and Terminal LE (Void)

Players

TheWhoaman - Winner!

  • Race: Zerg Zerg
  • League: Silver

SticklerMac

  • Race: Zerg Zerg
  • League: Silver

VOD

Have the link to the VOD?

Description

Time

  • Played on: Aug. 30, 2015, 7:50 p.m.
  • Length: 13:02
Show
View Real Time Build Order
Export as new Build Order

TheWhoaman Zerg - Winner!

Build Orders: Hatch First 

Get SALT Encoding   

  12  0:02  Drone  
  13  0:12  Overlord  
  13  0:18  Drone  
  14  0:26  Extractor  
  14  0:27  Drone, Extractor  
  14  0:31  Drone  
  14  0:35  Drone  
  17  0:59  Hatchery  
  16  1:11  Spawning Pool  
  16  1:12  Drone  
  16  1:15  Drone  
  17  1:19  Drone  
  17  1:22  Extractor  
  17  1:28  Drone  
  18  1:57  Drone x3  
  21  2:10  Queen  
  21  2:12  Zergling x4  
  21  2:15  Queen  
  27  2:21  Overlord  
  23  2:54  Drone  
  23  2:55  Drone x5  
  29  3:07  Zergling x4  
  29  3:08  Metabolic Boost  
  31  3:15  Baneling Nest  
  31  3:19  Spine Crawler  
  29  3:20  Spine Crawler  
  29  3:24  Zergling x6  
  29  3:25  Drone  
  33  3:38  Zergling x8  
  33  3:59  Zergling x6  
  33  4:02  Overlord x2  
  36  4:05  Lair  
  36  4:09  Roach Warren  
  34  4:45  Zergling x16  
  39  5:02  Queen  
  39  5:05  Drone x2  
  39  5:06  Extractor  
  39  5:08  Overlord x2  
  39  5:09  Overlord  
  39  5:10  Glial Reconstitution  
  39  5:12  Roach  
  39  5:30  Zergling x6  
  42  5:39  Evolution Chamber  
  42  5:40  Drone x3, Extractor  
  43  5:45  Drone  
  43  5:48  Drone x2  
  43  5:49  Drone  
  48  5:50  Drone  
  42  6:00  Roach  
  36  6:08  Roach x3  
  32  6:15  Zerg Missile Weapons Level 1  
  32  6:17  Roach x2  
  36  6:36  Roach x3  
  42  6:46  Roach  
  42  6:47  Roach  
  38  6:49  Roach  
  36  6:55  Roach  
  36  7:14  Roach x2  
  40  7:18  Roach x2  
  42  7:27  Roach  
  42  7:32  Drone  
  43  7:44  Roach x2  
  47  7:52  Roach x2  
  51  8:01  Roach x2  
  55  8:11  Queen  
  47  8:32  Roach x3  
  53  8:39  Roach  
  53  8:41  Roach  
  43  9:27  Roach x5  
  47  9:40  Hatchery  
  46  9:48  Roach  
  46  9:52  Zerg Missile Weapons Level 2  
  48  9:54  Roach  
  50  10:04  Spore Crawler  
  45  10:23  Roach x3  
  47  11:36  Drone x7  
  47  11:37  Drone x3  
  57  12:05  Queen  
  57  12:06  Drone x3  
  57  12:07  Extractor  
  61  12:08  Extractor  
  60  12:19  Roach x4  
  60  12:20  Ravager x3  
  71  12:24  Ravager  
Show
View Real Time Build Order
Export as new Build Order

SticklerMac Zerg 

Build Orders: Pool First 

Get SALT Encoding   

  12  0:03  Drone  
  13  0:08  Drone  
  14  0:14  Extractor  
  14  0:16  Drone  
  14  0:37  Spawning Pool  
  14  0:42  Drone  
  14  0:49  Overlord  
  14  1:16  Drone x3  
  17  1:28  Zergling x2  
  18  1:33  Spine Crawler  
  18  1:37  Queen  
  19  1:41  Zergling x2  
  20  1:49  Zergling x2  
  21  2:00  Zergling x2  
  23  2:08  Spine Crawler  
  23  2:12  Overlord  
  22  2:21  Overlord  
  21  2:37  Zergling x2  
  21  2:49  Zergling x4  
  21  2:50  Zergling x2  
  24  2:58  Metabolic Boost  
  24  3:02  Zergling x2  
  25  3:11  Zergling x2  
  25  3:12  Hatchery  
  25  3:19  Zergling x4  
  27  3:29  Zergling x2  
  27  3:35  Zergling x2  
  26  3:48  Zergling x6  
  27  3:56  Zergling x2  
  27  4:08  Zergling x2  
  28  4:13  Baneling Nest  
  27  4:18  Zergling x2  
  24  4:24  Zergling x4  
  24  4:25  Zergling x2  
  24  4:30  Zergling x2  
  25  4:47  Zergling x2  
  25  4:48  Zergling x4  
  25  4:52  Queen  
  30  4:53  Zergling x6  
  30  4:57  Zergling x2  
  31  5:05  Zergling x2  
  30  5:11  Zergling x2  
  30  5:13  Zergling x2  
  32  5:22  Zergling x2  
  32  5:27  Zergling x6  
  35  5:29  Zergling x2  
  35  5:35  Baneling x4  
  36  5:36  Baneling x6  
  36  5:40  Overlord x2  
  35  6:01  Zergling x8  
  35  6:02  Zergling x4  
  34  6:06  Zergling x2  
  33  6:13  Zergling x2  
  34  6:23  Zergling x4  
  35  6:35  Zergling x8  
  35  6:39  Zergling x2  
  39  6:47  Zergling x4  
  38  6:52  Zergling x2  
  39  7:00  Zergling x2  
  40  7:01  Zergling x2  
  41  7:09  Drone  
  41  7:11  Drone  
  41  7:15  Zergling x2  
  41  7:26  Zergling x4  
  42  7:34  Zergling x4  
  44  7:40  Drone  
  44  7:41  Drone  
  44  8:00  Drone x3  
  44  8:02  Drone x2  
  49  8:12  Zergling x2  
  49  8:13  Zergling x2  
  48  8:22  Zergling x6  
  39  8:30  Drone x3  
  41  8:35  Zergling x4  
  41  8:37  Zergling x2  
  44  8:49  Roach Warren  
  44  8:50  Zergling x4  
  44  8:53  Zergling x2  
  46  8:56  Zergling x2  
  46  9:05  Zergling x4  
  46  9:07  Zergling x4  
  46  9:09  Zergling x4  
  52  9:16  Zergling x4  
  49  9:22  Zergling x2  
  44  9:25  Zergling x2  
  44  9:36  Drone x2  
  44  9:37  Drone x2  
  48  9:42  Roach x2  
  48  9:45  Overlord  
  52  9:57  Overlord  
  50  10:11  Zergling x12  
  46  10:18  Roach x2  
  48  10:28  Queen  
  48  10:30  Roach x2  
  54  10:38  Zergling x2  
  53  10:48  Zergling x4  
  53  10:49  Zergling x2  
  45  10:51  Roach  
  42  11:00  Roach x2  
  41  11:15  Roach x3  
  41  11:16  Roach  
  34  11:29  Roach  
  36  11:38  Roach  
  38  11:40  Spine Crawler  
  38  11:42  Spine Crawler  
  38  11:46  Roach x2  
  38  11:54  Roach  
  40  12:49  Hatchery  
Tags
 
Add a new tag
Caveats
  • Supply blocks, unpowered buildings, or Contaminate may cause inaccurate times.
  • Supply counts are checked every 10 seconds.